 Dungeon Crawl Stone Soup version 0.27.0-1-g7a089689b8 (webtiles) character file.

Game seed: 6925035003763446819

12207 kobby the Blocker (level 11, -10/89 HPs)
             Began as a Gnoll Fighter on Aug 11, 2021.
             Was a Believer of the Shining One.
             Mangled by a large slime creature (37 damage)
             ... on level 12 of the Dungeon.
             The game lasted 00:25:21 (10495 turns).

kobby the Blocker (Gnoll Fighter)                  Turns: 10495, Time: 00:25:21

Health: -10/89     AC:  9    Str: 23    XL:     11   Next: 89%
Magic:  19/21      EV:  9    Int:  8    God:    the Shining One [**....]
Gold:   399        SH: 32    Dex: 11    Spells: 23/23 levels left

rFire    . . .     SeeInvis .   a - +0 war axe (freeze)
rCold    + . .     Faith    .   q - +6 tower shield of Inviolability {rElec rC+ Str+4}
rNeg     + . .     Spirit   .   b - +0 scale mail
rPois    .         Reflect  .   (no helmet)
rElec    +         Harm     .   m - +0 cloak
rCorr    .         Rampage  .   (no gloves)
Will     +....                  (no boots)
Stlth    +.........             (no amulet)
HPRegen  0.24/turn              p - ring of willpower
MPRegen  0.17/turn              (no ring)

@: divinely shielded, attractive, glowing
A: fangs 2, strong nose, distributed training, mutation resistance 1
a: Renounce Religion, Divine Shield


You were on level 12 of the Dungeon.
You worshipped the Shining One.
The Shining One was pleased with you.
You visited 2 branches of the dungeon, and saw 11 of its levels.

You collected 570 gold pieces.
You spent 171 gold pieces at shops.

Inventory:

Hand Weapons
 a - a +0 war axe of freezing (weapon)
 o - a +0 war axe of flaming
 u - the +11 hand crossbow of the Manifold Curses {venom, Will+ Int+4}
   (You found it on level 5 of the Dungeon)

   Any ammunition fired from it poisons the flesh of those it strikes.
   Int:       It affects your intelligence (+4).
   Will:      It increases your willpower.
Armour
 b - a +0 scale mail (worn)
 c - a +1 kite shield
 h - a scarf of shadows
 m - a +0 cloak (worn)
 q - the +6 tower shield of Inviolability (worn) {rElec rC+ Str+4}
   (You bought it in a shop on level 3 of the Dungeon)

   Str:       It affects your strength (+4).
   rC:        It protects you from cold.
   rElec:     It insulates you from electricity.
 A - a +0 troll leather armour
Jewellery
 g - an amulet of magic regeneration
 l - a ring of flight
 p - a ring of willpower (left hand)
Wands
 v - a wand of digging (7)
 y - a wand of iceblast (13)
Scrolls
 f - 10 scrolls of identify
 i - 4 scrolls of noise
 k - a scroll of immolation
Potions
 e - 2 potions of invisibility
 t - a potion of cancellation {unknown}
 w - 2 potions of lignification {unknown}
 x - 2 potions of flight {unknown}


   Skills:
 + Level 9.4 Fighting
 + Level 6.7 Short Blades
 + Level 6.7 Long Blades
 + Level 8.2 Axes
 + Level 6.7 Maces & Flails
 + Level 6.7 Polearms
 + Level 6.7 Staves
 + Level 6.7 Slings
 + Level 6.7 Bows
 + Level 6.7 Crossbows
 + Level 6.7 Throwing
 + Level 9.4 Armour
 + Level 6.7 Dodging
 + Level 6.7 Stealth
 + Level 9.4 Shields
 + Level 6.7 Unarmed Combat
 + Level 6.7 Spellcasting
 + Level 5.5 Conjurations
 + Level 5.5 Hexes
 + Level 5.5 Summonings
 + Level 5.5 Necromancy
 + Level 5.5 Translocations
 + Level 5.5 Transmutations
 + Level 5.5 Fire Magic
 + Level 5.5 Ice Magic
 + Level 5.5 Air Magic
 + Level 5.5 Earth Magic
 + Level 5.5 Poison Magic
 + Level 7.4 Invocations
 + Level 6.7 Evocations


You had 23 spell levels left.
You didn't know any spells.
Your spell library contained the following spells:

 Spells                   Type           Power      Damage    Failure   Level
 Foxfire                  Conj/Fire      44%        2x1d6     36%         1
 Freeze                   Ice            44%        1d6       36%         1
 Sting                    Tmut/Pois      44%        1d5       36%         1
 Summon Small Mammal      Summ           44%        N/A       36%         1
 Corpse Rot               Necr/Air       N/A        N/A       50%         2
 Poisonous Vapours        Pois/Air       22%        N/A       50%         2
 Call Canine Familiar     Summ           11%        N/A       73%         3
 Conjure Flame            Conj/Fire      11%        6-21      73%         3
 Frozen Ramparts          Ice            22%        1d4       73%         3
 Inner Flame              Hex/Fire       11%        N/A       73%         3
 Summon Guardian Golem    Hex/Summ       11%        N/A       73%         3
 Dispel Undead            Necr           11%        3d9       98%         4
 Hailstorm                Conj/Ice       11%        3d5       98%         4
 Olgreb's Toxic Radiance  Pois           11%        N/A       98%         4
 Death Channel            Necr           5%         N/A       100%        6


Dungeon Overview and Level Annotations

Branches:
Dungeon (12/15)            Temple (1/1) D:5
   Lair: D:8-11         Orc: D:9-12

Altars:
Ashenzari
Cheibriados
Dithmenos
Fedhas
Gozag
Kikubaaqudgha
Nemelex Xobeh
Okawaru
Ru
Sif Muna
Trog
Uskayaw
Vehumet
Wu Jian
Xom
Zin
The Shining One

Shops:
D:3 *   D:4 !   D:5 *


Innate Abilities, Weirdness & Mutations

You have extremely sharp teeth.
Your uncanny sense of smell can sniff out nearby items.
Your experience applies equally to all skills.
You are somewhat resistant to further mutation.


Message History

It was a potion of attraction.
You feel attractive to monsters.
You block the vampire mosquito's attack.
The vampire mosquito bites you but does no damage.
The slime creature hits you!
The slime creature is pulled toward you!
It was a potion of magic.
Magic courses through your body. The vampire mosquito bites you.
You block the vampire mosquito's attack.
The slime creature hits you!
Two slime creatures merge to form a large slime creature.
It was a potion of mutation.
You feel extremely strange.
Your teeth lengthen and sharpen some more.
You feel genetically stable. The vampire mosquito bites you!
* * * LOW HITPOINT WARNING * * *
The vampire mosquito draws strength from your injuries!
The vampire mosquito misses you.
You feel much better.
You block the vampire mosquito's attack.
The vampire mosquito closely misses you.
You slash the large slime creature! You freeze the large slime creature.
You bite the large slime creature!
The large slime creature is moderately wounded.
You slash the vampire mosquito! You freeze the vampire mosquito.
You destroy the vampire mosquito!
The Shining One accepts your kill.
You feel better. The large slime creature hits you!!
You block the vampire mosquito's attack.
Okay, then.
Your shield is strengthened by the Shining One's divine power.
The vampire mosquito bites you but does no damage.
You block the large slime creature's attack.
You block the vampire mosquito's attack.
You hit the large slime creature. You freeze the large slime creature.
The large slime creature is moderately wounded.
You hit the vampire mosquito. You freeze the vampire mosquito.
You block the vampire mosquito's attack. x2
The large slime creature hits you!!!
You die...

#.# ..).... #.# #.###
...o... #.# #.... ......H
#># #.### ...JJ.. #.# #.#
....... #.# #.# ....... #.#
#.#
......)#####.##########.###
.......)†J@yy..............
####.#######.##############
#.# # #.# # #.# # #.# # #.#
# #.# # #.# #


You could see a large slime creature and 2 vampire mosquitoes.

Vanquished Creatures
  A boulder beetle (D:12)
  A two-headed ogre (D:12)
  A wizard (D:11)
  A manticore (D:12)
  An ugly thing (D:12)
  2 cyclopes (D:11)
  The ghost of poire the Magician, a novice OpTm of Okawaru (D:5)
  A kobold demonologist (D:10)
  4 trolls
  5 slime creatures
  A wyvern (D:10)
  A vampire (D:12)
  2 wraiths
  13 yaks
  5 vampire mosquitoes
  A water moccasin (D:6)
  4 orc warriors
  2 black bears (D:6)
  4 ogres
  2 necrophages
  7 centaurs
  3 kobold brigands (D:5)
  2 scorpions (D:7)
  A water moccasin zombie (D:5)
  6 killer bees
  4 howler monkeys
  3 hounds (D:6)
  3 orc priests
  2 bullfrog skeletons (D:5)
  3 jellies (D:5)
  2 centaur skeletons (D:7)
  An iguana (D:7)
  14 orc wizards
  A hound zombie (D:5)
  3 gnolls (D:2)
  8 adders
  An ufetubus (D:5)
  2 worms
  27 orcs
  8 ball pythons
  6 bats
  A bat zombie (D:1)
  9 endoplasms
  A giant cockroach (D:2)
  2 goblins (D:1)
  10 hobgoblins
  6 jackals
  10 kobolds
  3 quokkas
  7 frilled lizards
  A quokka zombie (D:1)
  A rat (D:2)
211 creatures vanquished.

Vanquished Creatures (others)
  4 fungi (D:5)
  3 plants
  8 toadstools (D:5)
15 creatures vanquished.

Grand Total: 226 creatures vanquished

Notes
Turn   | Place    | Note
-------+----------+-------------------------------------------
     0 | D:1      | kobby the Gnoll Fighter began the quest for the Orb.
     0 | D:1      | Reached XP level 1. HP: 23/23 MP: 1/1
   147 | D:1      | Reached XP level 2. HP: 29/29 MP: 2/2
   342 | D:1      | Reached XP level 3. HP: 34/35 MP: 3/3
   735 | D:2      | Found a faded altar of an unknown god.
   870 | D:2      | Reached skill level 1 in Invocations
   956 | D:2      | Reached skill level 1 in Short Blades
   956 | D:2      | Reached skill level 1 in Long Blades
   956 | D:2      | Reached skill level 1 in Maces & Flails
   956 | D:2      | Reached skill level 1 in Polearms
   956 | D:2      | Reached skill level 1 in Staves
   956 | D:2      | Reached skill level 1 in Slings
   956 | D:2      | Reached skill level 1 in Bows
   956 | D:2      | Reached skill level 1 in Crossbows
   956 | D:2      | Reached skill level 1 in Throwing
   956 | D:2      | Reached skill level 1 in Dodging
   956 | D:2      | Reached skill level 1 in Stealth
   956 | D:2      | Reached skill level 1 in Unarmed Combat
   956 | D:2      | Reached skill level 1 in Spellcasting
   956 | D:2      | Reached skill level 1 in Evocations
   956 | D:2      | Reached XP level 4. HP: 24/41 MP: 5/5
  1580 | D:2      | Reached skill level 1 in Conjurations
  1580 | D:2      | Reached skill level 1 in Hexes
  1580 | D:2      | Reached skill level 1 in Summonings
  1580 | D:2      | Reached skill level 1 in Necromancy
  1580 | D:2      | Reached skill level 1 in Translocations
  1580 | D:2      | Reached skill level 1 in Transmutations
  1580 | D:2      | Reached skill level 1 in Fire Magic
  1580 | D:2      | Reached skill level 1 in Ice Magic
  1580 | D:2      | Reached skill level 1 in Air Magic
  1580 | D:2      | Reached skill level 1 in Earth Magic
  1580 | D:2      | Reached skill level 1 in Poison Magic
  1851 | D:3      | Found Biel's Assorted Antiques.
  2225 | D:3      | Reached XP level 5. HP: 47/47 MP: 6/6
  2290 | D:3      | Noticed an ogre
  2293 | D:3      | Killed an ogre
  2731 | D:4      | Found an iron altar of Okawaru.
  2750 | D:4      | Noticed an ogre
  2755 | D:4      | Killed an ogre
  2756 | D:4      | Reached skill level 5 in Axes
  2756 | D:4      | Reached XP level 6. HP: 36/53 MP: 8/8
  2988 | D:4      | Found Xouj's Distillery.
  3265 | D:5      | Entered Level 5 of the Dungeon
  3265 | D:5      | Found Fyvumus's CLEARANCE SALE! EVERYTHING MUST GO!.
  3300 | D:5      | Identified the +11 hand crossbow of the Manifold Curses
                  | {venom, Will+ Int+4}
  3334 | D:5      | Noticed a yak
  3468 | D:5      | Found a staircase to the Ecumenical Temple.
  3553 | D:5      | Reached XP level 7. HP: 59/59 MP: 10/10
  3617 | D:5      | Found a runed translucent door.
  3618 | D:5      | Noticed poire's ghost (novice OpTm)
  4019 | D:5      | Noticed a slime creature
  4019 | D:5      | Noticed a slime creature
  4038 | D:5      | Killed a slime creature
  4039 | D:5      | Reached XP level 8. HP: 35/67 MP: 10/12
  4076 | D:5      | Killed a slime creature
  4076 | D:5      | Noticed a slime creature
  4084 | D:5      | Killed a slime creature
  4408 | D:5      | Noticed a wraith
  4411 | D:5      | Killed a wraith
  4499 | Temple   | Entered the Ecumenical Temple
  4641 | Temple   | Became a worshipper of the Shining One
  4815 | D:5      | Noticed a yak
  4817 | D:5      | Noticed a yak
  4818 | D:5      | Killed a yak
  4820 | D:5      | Killed a yak
  4821 | D:5      | Reached XP level 9. HP: 73/73 MP: 14/14
  5150 | D:5      | Killed poire's ghost
  5273 | D:3      | Bought a masterwork tower shield for 171 gold pieces
  5273 | D:3      | Identified the +6 tower shield of Inviolability {rElec rC+
                  | Str+4} (You bought it in a shop on level 3 of the Dungeon)
  5464 | D:6      | Found a blossoming altar of Fedhas.
  6307 | D:6      | Reached skill level 5 in Invocations
  6650 | D:7      | Reached XP level 10. HP: 44/80 MP: 17/17
  6836 | D:7      | Found a shimmering altar of Xom.
  6857 | D:7      | Reached * piety under the Shining One
  6998 | D:7      | You fall into a shaft and drop 3 floors!
  6998 | D:10     | Entered Level 10 of the Dungeon
  6998 | D:10     | Noticed a kobold demonologist
  7001 | D:10     | Killed a kobold demonologist
  7002 | D:10     | Reached skill level 5 in Short Blades
  7002 | D:10     | Reached skill level 5 in Long Blades
  7002 | D:10     | Reached skill level 5 in Maces & Flails
  7002 | D:10     | Reached skill level 5 in Polearms
  7002 | D:10     | Reached skill level 5 in Staves
  7002 | D:10     | Reached skill level 5 in Slings
  7002 | D:10     | Reached skill level 5 in Bows
  7002 | D:10     | Reached skill level 5 in Crossbows
  7002 | D:10     | Reached skill level 5 in Throwing
  7002 | D:10     | Reached skill level 5 in Dodging
  7002 | D:10     | Reached skill level 5 in Stealth
  7002 | D:10     | Reached skill level 5 in Unarmed Combat
  7002 | D:10     | Reached skill level 5 in Spellcasting
  7002 | D:10     | Reached skill level 5 in Evocations
  7875 | D:11     | Noticed a cyclops
  7878 | D:11     | Killed a cyclops
  7920 | D:11     | Reached XP level 11. HP: 71/87 MP: 19/19
  8031 | D:11     | Noticed a cyclops
  8034 | D:11     | Killed a cyclops
  8289 | D:11     | Reached ** piety under the Shining One
  8297 | D:11     | Reached skill level 5 in Conjurations
  8297 | D:11     | Reached skill level 5 in Hexes
  8297 | D:11     | Reached skill level 5 in Summonings
  8297 | D:11     | Reached skill level 5 in Necromancy
  8297 | D:11     | Reached skill level 5 in Translocations
  8297 | D:11     | Reached skill level 5 in Transmutations
  8297 | D:11     | Reached skill level 5 in Fire Magic
  8297 | D:11     | Reached skill level 5 in Ice Magic
  8297 | D:11     | Reached skill level 5 in Air Magic
  8297 | D:11     | Reached skill level 5 in Earth Magic
  8297 | D:11     | Reached skill level 5 in Poison Magic
  8306 | D:11     | The Shining One protects you from harm!
  8306 | D:11     | HP: 3/89 [orc priest/divine providence (11)]
  8804 | D:11     | Noticed a wizard
  8817 | D:11     | Killed a wizard
  9255 | D:12     | Noticed a two-headed ogre
  9260 | D:12     | Killed a two-headed ogre
  9268 | D:12     | HP: 3/89 [vampire (5)]
  9916 | D:12     | Noticed a boulder beetle
  9941 | D:12     | Killed a boulder beetle
 10215 | D:12     | Noticed a cyan ugly thing
 10228 | D:12     | Killed a cyan ugly thing
 10473 | D:12     | Noticed a manticore
 10484 | D:12     | Killed a manticore
 10491 | D:12     | Gained mutation: You have extremely sharp teeth. [potion of
                  | mutation]
 10491 | D:12     | Gained mutation: You are somewhat resistant to further
                  | mutation. [potion of mutation]
 10495 | D:12     | Mangled by a large slime creature

Illustrated notes

Levels and vault maps discovered:
D:1:      saegor_arrival_fortress, layout_rooms
D:2:      layout_loops_cross, hellmonk_ecumenical_altar_leap_of_faith,
          hangedman_decor_opposing
D:3:      layout_basic, serial_shops, nicolae_shop_overgrown_old_shop,
          minmay_misc_feat_diagonals
D:4:      layout_loops_ring, mainiacjoe_overflow_boulevard, serial_shops,
          nicolae_shop_stone, kennysheep_generic_room_13
D:5:      cheibrodos_fertilizer, layout_cave_pods, minmay_temple_entry_grid,
          gammafunk_ghost_grave, nicolae_shop_clearance
D:6:      layout_loops_ring, fedhas_altar_1, grunt_decor_fettered,
          serial_park_tiny_1
D:7:      minmay_flawed_box, layout_rooms, mainiacjoe_overflow_paths,
          serial_bayou_crossing
D:10:     layout_loops_cross
D:11:     layout_loops_ring, hangedman_abyss_or_decor_stabs
D:12:     layout_small_grid, hiddenorc2_lemuel
Temple:   jpeg_temple_clearing

Skill      XL: |  1  2  3  4  5  6  7  8  9 10 11 |
---------------+----------------------------------+-----
Invocations    | 1 2 3 4 5 6 7 |  7.4
Short Blades   | 1 2 3 4 5 6 |  6.7
Long Blades    | 1 2 3 4 5 6 |  6.7
Maces & Flails | 1 2 3 4 5 6 |  6.7
Polearms       | 1 2 3 4 5 6 |  6.7
Staves         | 1 2 3 4 5 6 |  6.7
Slings         | 1 2 3 4 5 6 |  6.7
Bows           | 1 2 3 4 5 6 |  6.7
Crossbows      | 1 2 3 4 5 6 |  6.7
Throwing       | 1 2 3 4 5 6 |  6.7
Dodging        | 1 2 3 4 5 6 |  6.7
Stealth        | 1 2 3 4 5 6 |  6.7
Unarmed Combat | 1 2 3 4 5 6 |  6.7
Spellcasting   | 1 2 3 4 5 6 |  6.7
Evocations     | 1 2 3 4 5 6 |  6.7
Conjurations   | 1 2 3 4 5 |  5.5
Hexes          | 1 2 3 4 5 |  5.5
Summonings     | 1 2 3 4 5 |  5.5
Necromancy     | 1 2 3 4 5 |  5.5
Translocations | 1 2 3 4 5 |  5.5
Transmutations | 1 2 3 4 5 |  5.5
Fire Magic     | 1 2 3 4 5 |  5.5
Ice Magic      | 1 2 3 4 5 |  5.5
Air Magic      | 1 2 3 4 5 |  5.5
Earth Magic    | 1 2 3 4 5 |  5.5
Poison Magic   | 1 2 3 4 5 |  5.5
Axes           | 5 6 7 8 |  8.2
Fighting       | 7 8 9 |  9.4
Armour         | 7 8 9 |  9.4
Shields        | 7 8 9 |  9.4

Action                   |  1- 3 |  4- 6 |  7- 9 | 10-12 || total
-------------------------+-------+-------+-------+-------++-------
Melee: War axe           |    92 |    77 |   118 |   223 ||   510
       Bite              |     3 |     3 |    19 |    26 ||    51
Invok: Divine Shield     |       |       |       |     1 ||     1
Evoke: Wand              |       |     3 |     8 |    25 ||    36
  Use: Scroll            |       |     4 |     3 |     3 ||    10
       Potion            |       |       |     6 |     6 ||    12
 Stab: Distracted        |       |     1 |       |       ||     1
Armor: Scale mail        |    55 |    34 |    20 |    60 ||   169
Dodge: Dodged            |    40 |    25 |    23 |    61 ||   149
Block: Kite shield       |    54 |    38 |    28 |       ||   120
       Tower shield      |       |       |    47 |   302 ||   349
